 Dungeon Crawl Stone Soup version 0.29.0-4-gdea44cf6ec (webtiles) character file.

Game seed: 3220215980145199999

60 qw the Caller (level 4, -1/36 HPs)
             Began as a Ghoul Summoner on Sept 10, 2022.
             Slain by Sigmund
             ... wielding a +0 scythe
              (7 damage)
             ... on level 3 of the Dungeon.
             The game lasted 00:01:08 (2598 turns).

qw the Caller (Ghoul Summoner)                      Turns: 2598, Time: 00:01:09

Health: -1/36      AC:  8    Str: 11 (13) XL:     4   Next: 4%
Magic:  5/5        EV:  4    Int:  9 (10) God:
Gold:   153        SH:  0    Dex:  6 (9)  Spells: 5/6 levels left

rFire   . . .      SeeInvis .   f - +0 rapier (speed)
rCold   + . .      Faith    .   (no shield)
rNeg    + + +      Spirit   .   a - +0 chain mail
rPois   inf        Reflect  .   (no helmet)
rElec   .          Harm     .   (no cloak)
rCorr   .          Rampage  .   (no gloves)
Will    .....                   (no boots)
Stlth   ..........              (no amulet)
HPRegen 0.00/turn               (no ring)
MPRegen 0.09/turn               (no ring)

@: confused, inhibited regen
A: claws 1, cold resistance 1, negative energy resistance 3, inhibited
regeneration, torment resistance 2, devour on kill
a: no special abilities


You were on level 3 of the Dungeon.
You visited 1 branch of the dungeon, and saw 3 of its levels.

You collected 153 gold pieces.


Innate Abilities, Weirdness & Mutations

You are immune to poison.
You have sharp fingernails.
Your flesh is cold resistant. (rC+)
You are immune to negative energy. (rN+++)
You do not regenerate when monsters are visible.
You are immune to unholy pain and torment.
You thrive by killing the living.


   Skills:
 - Level 2.2 Fighting
 - Level 2.3 Axes
 + Level 0.1 Armour
 - Level 1.7 Dodging
 - Level 2.1 Stealth
 - Level 1.7 Spellcasting
 - Level 3.6 Summonings


You had 5 spell levels left.
You knew the following spells:

 Your Spells              Type           Power      Damage    Failure   Level
a - Summon Small Mammal   Summ           28%        N/A       99%         1

Your spell library contained the following spells:

 Spells                   Type           Power      Damage    Failure   Level
 Call Imp                 Summ           7%         N/A       100%        2
 Call Canine Familiar     Summ           7%         N/A       100%        3
 Summon Guardian Golem    Hex/Summ       4%         N/A       100%        3
 Summon Lightning Spire   Summ/Air       4%         N/A       100%        4

Inventory:

Hand Weapons
 f - a +0 rapier of speed (weapon)
Armour
 a - a +0 chain mail (worn)
Scrolls
 b - a scroll of identify

Dungeon Overview and Level Annotations

Branches:
Dungeon (3/15)

Altars:

Annotations:
D:3 Sigmund


Message History

Sigmund is lightly wounded.
You barely miss Sigmund.
Sigmund is lightly wounded.
Sigmund hits you but does no damage.
You closely miss Sigmund.
Sigmund is lightly wounded.
You feel less confused. Sigmund hits you but does no damage.
You hit Sigmund.
Sigmund is moderately wounded.
You hit Sigmund.
Sigmund is moderately wounded.
Sigmund hits you but does no damage.
You barely miss Sigmund.
Sigmund is moderately wounded.
You hit Sigmund but do no damage.
Sigmund is moderately wounded.
Sigmund points at you and mumbles some strange words.
The magic dart hits you!
You closely miss Sigmund.
Sigmund is moderately wounded.
Sigmund hits you with a +0 scythe.
You hit Sigmund but do no damage.
Sigmund is moderately wounded.
You hit Sigmund.
Sigmund is heavily wounded.
Sigmund mumbles some strange words.
Sigmund flickers and vanishes!
Deactivating autopickup; reactivate with Ctrl-A.
2592 ||| FLEEEEING.
Something hits you.
2594 ||| FLEEEEING.
2595 ||| FLEEEEING.
2596 ||| FLEEEEING.
You hear some strange, mumbled words.
You are confused.
You're too confused to move!
You're too confused to move!
Something hits you!
You die...

####### ..#.....# ..
..#.###.# .. ..#.# #.#
.# #.#<# #.# .# #.###
#.# .# #.# #.# .#####.#
##'########### .....#.#
#.....@......# .......#
#.......g.##.# .#.....#
##.........##.#
.#...#.###..........##.#
...................>##.#
.........#.##....##.##.#
###.##.###..............
##.....# #####....#....#
##..#..# ....#


You could see a hobgoblin.

Vanquished Creatures
  2 adders (D:2)
  A worm (D:2)
  4 ball pythons
  5 bats
  3 endoplasms
  4 goblins
  3 hobgoblins
  A quokka (D:1)
  A kobold (D:2)
  A rat (D:2)
25 creatures vanquished.

Vanquished Creatures (collateral kills)
  An endoplasm (D:1)
  3 goblins (D:1)
  2 hobgoblins (D:1)
  2 quokkas (D:1)
  A ball python (D:1)
9 creatures vanquished.

Grand Total: 34 creatures vanquished

Notes
Turn   | Place    | Note
-------+----------+-------------------------------------------
     0 | D:1      | qw the Ghoul Summoner began the quest for the Orb.
     0 | D:1      | Reached XP level 1. HP: 14/14 MP: 2/2
     0 | D:1      | 0 ||| qw: Version: 0.1-a-113-g051387a
     0 | D:1      | 0 ||| qw: Game counter: 7367
     0 | D:1      | 0 ||| qw: Always use a shield: true
     0 | D:1      | 0 ||| qw: God list: Okawaru
     0 | D:1      | 0 ||| qw: Allow faded altars: false
     0 | D:1      | 0 ||| qw: Do Orc after D:15 true
     0 | D:1      | 0 ||| qw: Do second Lair branch before Depths: true
     0 | D:1      | 0 ||| qw: Lair rune preference: random
     0 | D:1      | 0 ||| qw: Plans: Normal
     0 | D:1      | 0 ||| PLANNING D:1-11
    31 | D:1      | 31 ||| Wielding weapon +0 dagger.
    36 | D:1      | 36 ||| CASTING Summon Small Mammal
    37 | D:1      | 37 ||| CASTING Summon Small Mammal
    71 | D:1      | 71 ||| CASTING Summon Small Mammal
    72 | D:1      | 72 ||| CASTING Summon Small Mammal
    84 | D:1      | 84 ||| CASTING Summon Small Mammal
   142 | D:1      | 142 ||| CASTING Summon Small Mammal
   143 | D:1      | 143 ||| CASTING Summon Small Mammal
   154 | D:1      | 154 ||| CASTING Summon Small Mammal
   156 | D:1      | Reached skill level 1 in Axes
   226 | D:1      | 226 ||| CASTING Summon Small Mammal
   227 | D:1      | 227 ||| CASTING Summon Small Mammal
   233 | D:1      | Reached XP level 2. HP: 22/22 MP: 0/3
   238 | D:1      | Reached skill level 1 in Fighting
   239 | D:1      | 239 ||| CASTING Summon Small Mammal
   278 | D:1      | 278 ||| SWAPPING to +0 club.
   279 | D:1      | 279 ||| DROPPING +0 dagger.
   291 | D:1      | 291 ||| CASTING Summon Small Mammal
   292 | D:1      | 292 ||| CASTING Summon Small Mammal
   293 | D:1      | 293 ||| CASTING Summon Small Mammal
   302 | D:1      | 302 ||| CASTING Summon Small Mammal
   430 | D:1      | 430 ||| SWAPPING to +0 rapier of speed.
   431 | D:1      | 431 ||| DROPPING +0 club.
   449 | D:1      | 449 ||| CASTING Summon Small Mammal
   450 | D:1      | 450 ||| CASTING Summon Small Mammal
   451 | D:1      | 451 ||| CASTING Summon Small Mammal
   462 | D:1      | 462 ||| CASTING Summon Small Mammal
   546 | D:1      | 546 ||| CASTING Summon Small Mammal
   547 | D:1      | 547 ||| CASTING Summon Small Mammal
   548 | D:1      | 548 ||| CASTING Summon Small Mammal
   560 | D:1      | 560 ||| CASTING Summon Small Mammal
   753 | D:1      | Found a faded altar of an unknown god.
   795 | D:1      | 795 ||| CASTING Summon Small Mammal
   797 | D:1      | 797 ||| CASTING Summon Small Mammal
   798 | D:1      | 798 ||| CASTING Summon Small Mammal
   840 | D:1      | 840 ||| CASTING Summon Small Mammal
   841 | D:1      | 841 ||| CASTING Summon Small Mammal
   842 | D:1      | 842 ||| CASTING Summon Small Mammal
   972 | D:1      | 972 ||| CASTING Summon Small Mammal
   973 | D:1      | 973 ||| CASTING Summon Small Mammal
   974 | D:1      | 974 ||| CASTING Summon Small Mammal
  1019 | D:1      | 1019 ||| CASTING Summon Small Mammal
  1020 | D:1      | 1020 ||| CASTING Summon Small Mammal
  1021 | D:1      | 1021 ||| CASTING Summon Small Mammal
  1037 | D:1      | 1037 ||| CASTING Summon Small Mammal
  1041 | D:1      | Reached XP level 3. HP: 26/28 MP: 0/4
  1117 | D:1      | 1117 ||| CASTING Summon Small Mammal
  1118 | D:1      | 1118 ||| CASTING Summon Small Mammal
  1119 | D:1      | 1119 ||| CASTING Summon Small Mammal
  1120 | D:1      | 1120 ||| CASTING Summon Small Mammal
  1196 | D:1      | 1196 ||| CASTING Summon Small Mammal
  1197 | D:1      | 1197 ||| CASTING Summon Small Mammal
  1198 | D:1      | 1198 ||| CASTING Summon Small Mammal
  1199 | D:1      | 1199 ||| CASTING Summon Small Mammal
  1245 | D:1      | 1245 ||| UPGRADING to +0 scale mail.
  1255 | D:1      | 1255 ||| DROPPING +0 robe.
  1256 | D:1      | 1256 ||| READING scroll labelled RISHOCSECU.
  1257 | D:1      | 1257 ||| READING scroll labelled PADGHU SUAPIEWK.
  1258 | D:1      | 1258 ||| DRINKING 2 fizzy yellow potions.
  1259 | D:1      | 1259 ||| DROPPING potion of magic.
  1260 | D:1      | 1260 ||| DROPPING potion of degeneration.
  2350 | D:2      | Reached XP level 4. HP: 30/36 MP: 5/5
  2425 | D:2      | 2425 ||| UPGRADING to +0 chain mail.
  2435 | D:2      | 2435 ||| DROPPING +0 scale mail.
  2436 | D:2      | 2436 ||| READING scroll labelled LYQASE DULUODA.
  2437 | D:2      | 2437 ||| READING 4 scrolls of identify.
  2437 | D:2      | 2437 ||| IDENTIFYING dark potion
  2438 | D:2      | 2438 ||| READING 3 scrolls of identify.
  2438 | D:2      | 2438 ||| IDENTIFYING yellow potion
  2439 | D:2      | 2439 ||| READING 2 scrolls of identify.
  2439 | D:2      | 2439 ||| IDENTIFYING white potion
  2440 | D:2      | 2440 ||| DROPPING potion of attraction.
  2454 | D:3      | 2454 ||| PLANNING SEWER
  2546 | D:3      | Noticed Sigmund
  2547 | D:3      | 2547 ||| Stepping ~*~*~tactically~*~*~ (hiding).
  2554 | D:3      | 2554 ||| DRINKING potion of curing.
  2554 | D:3      | 2554 ||| (to cure confusion)
  2571 | D:3      | HP: 9/36 [Sigmund/+0 scythe (6)]
  2572 | D:3      | 2572 ||| DRINKING potion of heal wounds.
  2589 | D:3      | HP: 8/36 [Sigmund/+0 scythe (6)]
  2592 | D:3      | 2592 ||| FLEEEEING.
  2594 | D:3      | 2594 ||| FLEEEEING.
  2595 | D:3      | 2595 ||| FLEEEEING.
  2596 | D:3      | 2596 ||| FLEEEEING.
  2598 | D:3      | Slain by Sigmund

Levels and vault maps discovered:
D:1:      roderic_dead_forest, layout_loops_cross,
          ebering_ecumenical_altar_petrified
D:2:      layout_basic, serial_aquarium, aquarium_bridge_long_joined
          [aquarium_subvault_wall, aquarium_subvault_bridge,
          aquarium_subvault_window, aquarium_subvault_bridge,
          aquarium_subvault_wall, aquarium_subvault_bridge],
          aquarium_bridge_square [aquarium_subvault_wall,
          aquarium_subvault_window, aquarium_subvault_wall,
          aquarium_subvault_bridge], aquarium_window_fake,
          aquarium_window_corner, aquarium_view_2f, aquarium_balcony_1b,
          aquarium_pool_1
D:3:      layout_basic, portal_sewer_entry_c, guppyfry_early_lair_pool,
          uniq_sigmund, uniq_robin

Skill      XL: |  1  2  3 |
---------------+----------+-----
Axes           | 1 2 |  2.3
Fighting       | 1 2 |  2.2
Armour         | |  0.1
Dodging        | |  1.7
Stealth        | |  2.1
Spellcasting   | |  1.7
Summonings     | |  3.6

Action                   |  1- 3 |  4- 6 || total
-------------------------+-------+-------++-------
Melee: Dagger            |    17 |       ||    17
       Rapier            |   117 |    30 ||   147
       Club              |     7 |       ||     7
       Punch             |     1 |       ||     1
 Cast: Summon Small Mamm |    41 |       ||    41
  Use: Scroll            |     2 |     4 ||     6
       Potion            |     1 |     2 ||     3
Armor: Robe              |     9 |       ||     9
       Scale mail        |    36 |       ||    36
       Chain mail        |       |     9 ||     9
Dodge: Dodged            |    64 |     5 ||    69

Table legend:
 A = Non-vault XP
 B = Vault XP
 C = Vault XP percentage of total XP
 D = Non-vault monster count
 E = Vault monster count
 F = Vault count percentage of total count
                 A         B        C        D         E       F
            +---------+---------+-------+---------+---------+-------
      Total |      86 |       0 |   0.0 |      34 |       0 |   0.0
            +---------+---------+-------+---------+---------+-------
        D:1 |      38 |       0 |   0.0 |      20 |       0 |   0.0
        D:2 |      46 |       0 |   0.0 |      13 |       0 |   0.0
        D:3 |       2 |       0 |   0.0 |       1 |       0 |   0.0
            +---------+---------+-------+---------+---------+-------
